 Dungeon Crawl Stone Soup version 0.27-a0-1202-ge72e49191c (webtiles) character file.

Game seed: 5802501321380437137

993 streetpizza the Destroyer (level 8, -19/48 HPs)
             Began as a Tengu Conjurer on June 4, 2021.
             Was an Initiate of Vehumet.
             Demolished by a two-headed ogre
             ... wielding a +0 giant club
              (24 damage)
             ... on level 5 of the Dungeon.
             The game lasted 00:23:48 (5626 turns).

streetpizza the Destroyer (Tengu Conjurer)          Turns: 5626, Time: 00:23:49

Health: -19/48     AC:  3    Str:  8    XL:     8   Next: 19%
Magic:  12/15      EV: 16    Int: 20    God:    Vehumet [......]
Gold:   152        SH:  0    Dex: 13    Spells: 13/16 levels left

rFire    . . .     SeeInvis .   u - +1 spear (venom)
rCold    . . .     Faith    .   (no shield)
rNeg     . . .     Spirit   .   a - +0 robe
rPois    .         Reflect  .   (helmet restricted)
rElec    .         Harm     .   (no cloak)
rCorr    .         Rampage  .   m - +0 pair of gloves
Will     .....                  (boots unavailable)
Stlth    ++........             (no amulet)
HPRegen  0.16/turn              (no ring)
MPRegen  0.14/turn              (no ring)

@: flying quickly and evasively, quick
A: beak, talons 3, nimble flight
a: Renounce Religion


You were on level 5 of the Dungeon.
You worshipped Vehumet.
Vehumet was noncommittal.
You visited 2 branches of the dungeon, and saw 6 of its levels.

You collected 152 gold pieces.

Inventory:

Hand Weapons
 q - a +4 dagger
 u - a +1 spear of venom (weapon)
Missiles
 l - 10 poisoned darts (quivered)
Armour
 a - a +0 robe (worn)
 b - a +1 leather armour of positive energy
 m - a +0 pair of gloves (worn)
Wands
 h - a wand of iceblast (6)
 v - a wand of polymorph (4)
Scrolls
 c - a scroll of magic mapping {unknown}
 e - 5 scrolls of identify {unknown}
 g - a scroll of enchant armour {unknown}
 k - a scroll of vulnerability {unknown}
 o - 5 scrolls of teleportation {unknown}
 p - a scroll of silence {unknown}
 r - a scroll of immolation {unknown}
 t - a scroll of fog {unknown}
 w - a scroll of noise {unknown}
Potions
 d - a potion of brilliance {unknown}
 f - 2 potions of heal wounds {unknown}
 i - a potion of flight {unknown}
 j - a potion of magic {unknown}
 n - a potion of curing {unknown}
 s - a potion of lignification {unknown}
 x - a potion of resistance {unknown}


   Skills:
 + Level 4.3 Fighting
 + Level 5.3 Dodging
 - Level 2.0 Stealth
 + Level 4.5 Spellcasting
 + Level 8.1 Conjurations


You had 13 spell levels left.
You knew the following spells:

 Your Spells              Type           Power      Damage    Failure   Level
a - Magic Dart            Conj           100%       1d8       1%          1
b - Searing Ray           Conj           74%        3d6       1%          2

Your spell library contained the following spells:

 Spells                   Type           Power      Damage    Failure   Level
 Dazzling Flash           Conj/Hex       40%        N/A       7%          3
 Animate Skeleton         Necr           8%         N/A       12%         1
 Apportation              Tloc           8%         N/A       12%         1
 Corona                   Hex            4%         N/A       12%         1
 Summon Small Mammal      Summ           16%        N/A       12%         1
 Fulminant Prism          Conj/Hex       10%        3d9       22%         4
 Iskenderun's Mystic Bla  Conj/Tloc      20%        2d6       22%         4


Dungeon Overview and Level Annotations

Branches:
Dungeon (5/15)             Temple (1/1) D:4

Altars:
Cheibriados
Dithmenos
Elyvilon
Fedhas
Gozag
Hepliaklqana
Kikubaaqudgha
Makhleb
Nemelex Xobeh
Okawaru
Qazlal
Ru
Sif Muna
Trog
Uskayaw
Vehumet
Wu Jian
Xom
Yredelemnul
Zin
The Shining One

Shops:
D:3 (


Innate Abilities, Weirdness & Mutations

You have a beak for a mouth.
You have claws for feet.
Your magical nature lets you fly swiftly and evasively.


Message History

The two-headed ogre is heavily wounded.
You see here 14 stones.
Reach: u) +1 spear (venom)
Press: ? - help, Dir - move target, f/p - two-headed ogre
Aim: a two-headed ogre, wielding two +0 giant clubs (severely wounded, poisoned, about 23% to evade your +1 spear of venom)
You reach to attack!
You closely miss the two-headed ogre.
The two-headed ogre is severely wounded.
The two-headed ogre looks more healthy.
A scorpion comes into view.
The two-headed ogre closely misses you.
The two-headed ogre hits you with a +0 giant club.
Reach: u) +1 spear (venom)
Press: ? - help, Dir - move target, f/p - two-headed ogre
Aim: a two-headed ogre, wielding two +0 giant clubs (severely wounded, about 23% to evade your +1 spear of venom)
You reach to attack!
You hit the two-headed ogre.
The two-headed ogre is severely wounded.
You see here a hound skeleton.
Reach: u) +1 spear (venom)
Press: ? - help, Dir - move target, f/p - two-headed ogre
Aim: a two-headed ogre, wielding two +0 giant clubs (severely wounded, about 23% to evade your +1 spear of venom)
You reach to attack!
You barely miss the two-headed ogre.
The two-headed ogre is severely wounded.
Things that are here:
a +0 giant club; an ogre skeleton
Casting: Searing Ray (safe; 1% risk of failure)
Confirm with . or Enter, or press ? or * to list all spells.
Aiming: Searing Ray (safe; 1% risk of failure)
Press: ? - help, Shift-Dir - straight line, f/p - two-headed ogre
Aim: a two-headed ogre, wielding two +0 giant clubs (severely wounded, 91% to hit)
The searing ray hits the two-headed ogre.
The two-headed ogre is severely wounded. (Press . to maintain the ray.)
The two-headed ogre hits you with a +0 giant club!
The two-headed ogre hits you with a +0 giant club!!
* * * LOW HITPOINT WARNING * * *
The searing ray hits the two-headed ogre!
The two-headed ogre is almost dead.
The two-headed ogre hits you with a +0 giant club!!
Ouch! That really hurt!
You die...

.............##.##
.......########..#
..<...##
##.######..
....### #........#
....# ##...#####
....# ##.### ..###
#.## .# ### #.# #
#..## ##@# ......#
#O## .......###.#
.........#รท#
............#
.............#
..............#
...............#
................#


You could see a two-headed ogre.

Vanquished Creatures
  A wyvern (D:4)
  A necrophage (D:5)
  2 ogres (D:5)
  4 wights (D:4)
  A hound (D:5)
  An orc priest (D:4)
  Natasha (thrice) (D:2)
  Robin (D:3)
  11 gnolls
  7 adders
  2 adder skeletons (D:4)
  A worm (D:2)
  3 dart slugs (D:3)
  4 orcs
  6 bats
  6 endoplasms
  3 giant cockroaches
  17 goblins
  15 hobgoblins
  5 jackals
  7 kobolds
  3 quokkas
  7 ball pythons
  3 frilled lizards
  A quokka skeleton (D:4)
  2 rats
117 creatures vanquished.

Notes
Turn   | Place    | Note
-------+----------+-------------------------------------------
     0 | D:1      | streetpizza the Tengu Conjurer began the quest for the Orb.
     0 | D:1      | Reached XP level 1. HP: 10/10 MP: 4/4
   293 | D:1      | Reached XP level 2. HP: 16/16 MP: 0/6
   354 | D:1      | Learned a level 2 spell: Searing Ray
   779 | D:1      | Reached skill level 1 in Fighting
   857 | D:1      | Found a faded altar of an unknown god.
  1144 | D:2      | Reached XP level 3. HP: 20/20 MP: 5/7
  1418 | D:2      | Noticed Natasha
  1442 | D:2      | Killed Natasha
  1487 | D:2      | Reached XP level 4. HP: 25/25 MP: 3/8
  1541 | D:2      | Reached skill level 6 in Conjurations
  1925 | D:2      | Noticed Natasha
  1934 | D:2      | Killed Natasha
  1978 | D:2      | Gained mutation: Your magical nature lets you fly swiftly
                  | and evasively. [Tengu growth]
  1978 | D:2      | Reached XP level 5. HP: 16/30 MP: 6/10
  2520 | D:2      | Noticed Natasha
  2524 | D:2      | Killed Natasha
  3034 | D:3      | Reached XP level 6. HP: 36/36 MP: 5/11
  3137 | D:3      | Noticed Robin
  3252 | D:3      | Killed Robin
  3369 | D:3      | Found Wylie's Antique Weapon Boutique.
  3640 | D:4      | Reached skill level 7 in Conjurations
  3764 | D:4      | Reached XP level 7. HP: 6/41 MP: 8/13
  4064 | D:4      | Found a staircase to the Ecumenical Temple.
  4075 | Temple   | Entered the Ecumenical Temple
  4411 | D:4      | Noticed a wyvern
  4423 | D:4      | Killed a wyvern
  4543 | D:4      | Found a shadowy altar of Dithmenos.
  4547 | D:4      | Found an opulent altar of Gozag.
  5282 | D:5      | Entered Level 5 of the Dungeon
  5287 | D:5      | Found a radiant altar of Vehumet.
  5291 | D:5      | Became a worshipper of Vehumet
  5352 | D:5      | Reached skill level 5 in Dodging
  5473 | D:5      | Reached skill level 8 in Conjurations
  5473 | D:5      | Reached XP level 8. HP: 48/48 MP: 9/15
  5566 | D:5      | Noticed a two-headed ogre
  5626 | D:5      | Demolished by a two-headed ogre

Illustrated notes

Levels and vault maps discovered:
D:1:      ncdulo_watergridlock, layout_loops_ring,
          hellmonk_ecumenical_altar_dog_temple, grunt_decor_resistance,
          amcnicky_mini_rare_corridor_liquid
D:2:      layout_loops_ring, hex_medium, uniq_natasha
D:3:      layout_basic, serial_shops, nicolae_shop_waterfront, uniq_robin
D:4:      cheibrodos_helix_gallery, layout_basic, grunt_temple_overflow_open,
          minmay_temple_entry_slanted, kennysheep_generic_room_2
D:5:      layout_cave_pods, vehumet_crystals, minmay_small_thing, uniq_sigmund
Temple:   regret_index_temple_mists

Skill      XL: |  1  2  3  4  5  6  7 |
---------------+----------------------+-----
Fighting       | 1 2 3 4 |  4.3
Dodging        | 3 4 5 |  5.3
Conjurations   | 6 7 8 |  8.1
Spellcasting   | 3 4 |  4.5
Stealth        | |  2.0

Action                   |  1- 3 |  4- 6 |  7- 9 || total
-------------------------+-------+-------+-------++-------
Melee: Unarmed           |     2 |     6 |       ||     8
       Kick              |     1 |     3 |       ||     4
       Dagger            |       |    16 |       ||    16
       Spear             |       |     2 |    28 ||    30
       Peck              |       |       |     1 ||     1
Throw: Dart              |       |     9 |    10 ||    19
 Cast: Magic Dart        |    50 |    43 |       ||    93
       Searing Ray       |     3 |    24 |    19 ||    46
Armor: Robe              |     2 |     9 |     3 ||    14
Dodge: Dodged            |     5 |    19 |    17 ||    41

Table legend: (Time is in decaauts)
 A = Elapsed time spent in this place.
 B = Non-inter-level travel time spent in this place.
 C = Inter-level travel time spent in this place.
 D = Time resting spent in this place.
 E = Time spent auto-exploring this place.
 F = Levels seen in this place.
 G = Mean time per level.
                   A        B        C        D        E       F      G
               +--------+--------+--------+--------+--------+-----+--------+
         Total |   5454 |   5217 |    237 |      9 |   4443 |   6 |  909.0 |
       Dungeon |   5308 |   5090 |    218 |      9 |   4318 |   5 | 1061.6 |
        Temple |    146 |    127 |     19 |      0 |    124 |   1 |  146.0 |
               +--------+--------+--------+--------+--------+-----+--------+

Top non-repeatable levels by time:
     D:2: 1498 daAuts
     D:4: 1451 daAuts
     D:1: 1142 daAuts
     D:3: 885 daAuts
     D:5: 330 daAuts
  Temple: 146 daAuts
